 Dungeon Crawl Stone Soup version 0.30-a0-364-gf6b3ef1049 (webtiles) character file.

Game seed: 11989841053191041716

6211 KarmaKiller the Frost Mage (level 11, -1/72 HPs)
             Began as a Human Ice Elementalist on Nov 11, 2022.
             Slain by an unseen horror (7 damage)
             ... on level 9 of the Dungeon on Nov 14, 2022.
             The game lasted 01:40:27 (10029 turns).

KarmaKiller the Frost Mage (HuIE)                  Turns: 10029, Time: 01:40:28

Health: -1/72      AC: 16    Str:  9    XL:     11   Next: 14%
Magic:  16/23      EV: 14    Int: 27    God:
Gold:   235        SH:  5    Dex: 19    Spells: 4/27 levels left

rFire   . . .      SeeInvis .    o - +7 dagger "Waiwoj" {spect, Int+7}
rCold   . . .      Faith    .    (no shield)
rNeg    . . .      Spirit   .    v - +1 robe {Will+}
rPois   .          Reflect  +    d - +2 helmet
rElec   .          Harm     .    (no cloak)
rCorr   .          Rampage  .    (no gloves)
Will    +....                    (no boots)
Stlth   +++.......               c - amulet of reflection
HPRegen 0.32/turn                h - +6 ring of dexterity
MPRegen 0.18/turn                (no ring)

@: ice-armoured
A: no striking features
a: no special abilities


You were on level 9 of the Dungeon.
You visited 1 branch of the dungeon, and saw 9 of its levels.
You also visited: Ossuary.

You collected 443 gold pieces.
You spent 208 gold pieces at shops.

Inventory:

Hand Weapons
 i - a +0 dagger
 j - a +0 short sword of electrocution
 o - the +7 dagger "Waiwoj" (weapon) {spect, Int+7}
   (You found it on level 2 of the Dungeon)

   When its wielder attacks, the weapon's spirit leaps out and strikes again.
   The spirit shares a part of any damage it takes with its wielder.
   Int:       It affects your intelligence (+7).
Armour
 a - a +0 robe
 d - a +2 helmet (worn)
 r - a +0 leather armour
 u - a +0 ring mail
 v - a +1 robe of willpower (worn)
 A - a +0 troll leather armour
Jewellery
 c - an amulet of reflection (around neck)
 h - a +6 ring of dexterity (left hand)
 k - an amulet of magic regeneration
 C - an amulet of faith
 K - an amulet of the acrobat
Wands
 b - a wand of flame (14)
 e - a wand of mindburst (3)
 m - a wand of iceblast (3)
Scrolls
 l - 2 scrolls of brand weapon
 s - a scroll of vulnerability
 t - 2 scrolls of magic mapping
 x - 2 scrolls of poison
 y - 5 scrolls of teleportation
 B - a scroll of torment
 F - 2 scrolls of immolation
 G - 4 scrolls of noise
 H - 2 scrolls of enchant weapon
 L - 2 scrolls of identify
 M - a scroll of fog {unknown}
Potions
 f - 3 potions of haste
 n - 5 potions of degeneration
 p - a potion of mutation
 q - a potion of berserk rage {unknown}
 z - 3 potions of brilliance
 D - a potion of cancellation
 E - a potion of lignification {unknown}
 I - a potion of resistance {unknown}
 J - a potion of heal wounds {unknown}


   Skills:
 + Level 1.7 Fighting
 + Level 4.3 Short Blades
 + Level 2.2 Armour
 + Level 3.9 Dodging
 + Level 5.1 Stealth
 + Level 1.5 Shields
 + Level 8.9 Spellcasting
 + Level 2.3 Summonings
 + Level 1.2 Transmutations
 + Level 10.1 Ice Magic
 + Level 0.1 Air Magic
 + Level 1.1 Earth Magic
 + Level 1.1 Poison Magic
 + Level 1.8 Evocations


You had 4 spell levels left.
You knew the following spells:

 Your Spells              Type           Power      Damage    Failure   Level
a - Freeze                Ice            100%       1d10      1%          1
b - Ozocubu's Armour      Ice            61%        N/A       1%          3
c - Summon Ice Beast      Ice/Summ       45%        N/A       3%          4
d - Frozen Ramparts       Ice            100%       1d16      1%          3
e - Sting                 Tmut/Pois      72%        1d6       3%          1
f - Poisonous Vapours     Pois/Air       30%        N/A       5%          2
g - Olgreb's Toxic Radia  Pois           18%        N/A       28%         4
h - Passwall              Tmut/Erth      15%        N/A       4%          2
i - Hailstorm             Conj/Ice       39%        3d9       1%          3

Your spell library contained the following spells:

 Spells                   Type           Power      Damage    Failure   Level
 Iron Shot                Conj/Erth      7%         9d2       99%         6
 Statue Form              Tmut/Erth      12%        N/A       99%         6
 Lehudib's Crystal Spear  Conj/Erth      7%         10d3      100%        8


Dungeon Overview and Level Annotations

Branches:
Dungeon (9/15)             Temple (0/1) D:4         Ossuary (visited)
   Lair: D:8-11         Orc: D:9-12

Altars:
Yredelemnul

Shops:
D:6 [   D:8 *

Annotations:
D:6 3 runed translucent doors, pokeman's ghost, novice DEHW


Message History

Something hits you.
* * * LOW HITPOINT WARNING * * *
Something hits you!
* * * LOW HITPOINT WARNING * * *
You feel better. Something hits you!
* * * LOW HITPOINT WARNING * * *
Blink to where?
Press: ? - help, Dir - move target
As you read the scroll of blinking, it crumbles to dust.
You block something's attack. Something hits you.
* * * LOW HITPOINT WARNING * * *
Something hits you.
* * * LOW HITPOINT WARNING * * *
Something hits you.
* * * LOW HITPOINT WARNING * * *
You barely miss something.
Your +7 dagger "Waiwoj" {spect, Int+7} hits something.
Something hits you.
* * * LOW HITPOINT WARNING * * *
Casting: Summon Ice Beast (dangerous; 3% risk of failure)
Confirm with . or Enter, or press ? or * to list all spells.
A film of ice covers your body! Something hits you but does no damage.
You feel better. Something hits you but does no damage.
Your icy armour will break if you move.
Continue?
You hit something but do no damage.
Your +7 dagger "Waiwoj" {spect, Int+7} misses something.
You block something's attack. Something hits you but does no damage.
Casting: Ozocubu's Armour (safe; 1% risk of failure)
Confirm with . or Enter, or press ? or * to list all spells.
Okay, then.
Something hits you!
* * * LOW HITPOINT WARNING * * *
Casting: Ozocubu's Armour (safe; 1% risk of failure)
Confirm with . or Enter, or press ? or * to list all spells.
Okay, then.
Your icy armour will break if you move.
Continue?
You hit something but do no damage.
Your +7 dagger "Waiwoj" {spect, Int+7} barely misses something.
Something hits you!
You die...

##..#......#######≈.Y...≈##
#####............###'''###
######......#####.......#
##...#.###.######..#..#.+
##._.#.'.#..............#
##...#.###.......####...+
######.....#.....# #.#.#
#####......#...Y{# #...#
#.#.#..........(@# #...#
#...'...#........# #...#
..###...#######...+ ####.
..#...........#.#.# ..
..#############...# .. ###
##### ##$


You could see a friendly ice beast (summoned) and a friendly +7 dagger "Waiwoj"
{spect, Int+7} (summoned).

Vanquished Creatures
  A two-headed ogre (D:9)
  Joseph (D:9)
  A troll (D:9)
  4 slime creatures (D:9)
  Sigmund (D:3)
  A wyvern (D:9)
  3 sky beasts
  An orc warrior (D:9)
  An ogre (D:5)
  3 wolves (D:9)
  A kobold brigand (D:4)
  A bullfrog (D:8)
  2 wyvern zombies (Ossuary)
  A necrophage (D:5)
  2 water moccasin zombies (Ossuary)
  3 scorpions
  2 wights (D:8)
  5 killer bees (D:8)
  2 howler monkeys (D:8)
  4 centaur zombies (Ossuary)
  2 electric eels (D:9)
  3 bullfrog zombies (Ossuary)
  2 orc priests
  10 hounds
  2 jellies
  3 iguanas
  10 orc wizards
  11 mummies (Ossuary)
  A howler monkey zombie (Ossuary)
  A gnoll (D:3)
  5 adders
  A shadow imp (D:6)
  2 white imps
  An ufetubus (D:5)
  3 worms
  2 dart slugs
  13 orcs
  7 bats
  4 endoplasms
  3 giant cockroaches
  6 goblins
  9 hobgoblins
  7 jackals
  9 kobolds
  A quokka (D:2)
  5 ball pythons
  5 frilled lizards
  A goblin skeleton (D:9)
  4 rats
173 creatures vanquished.

Vanquished Creatures (collateral kills)
  The ghost of experimilk the Destroyer, a novice DrCj of Vehumet (D:8)
  A ynoxinul (D:8)
  An ogre (D:4)
  A wight (D:8)
  A hound (D:9)
  An orc priest (D:8)
  2 orc wizards (D:6)
  A mummy (Ossuary)
  2 gnolls (D:3)
  An orc (D:7)
12 creatures vanquished.

Vanquished Creatures (others)
  4 plants
  6 withered plants (Ossuary)
10 creatures vanquished.

Grand Total: 195 creatures vanquished

Notes
Turn   | Place    | Note
-------+----------+-------------------------------------------
     0 | D:1      | KarmaKiller the Human Ice Elementalist began the quest for
                  | the Orb.
     0 | D:1      | Reached XP level 1. HP: 13/13 MP: 3/3
   279 | D:1      | Reached XP level 2. HP: 13/19 MP: 1/5
   863 | D:1      | Reached XP level 3. HP: 23/24 MP: 3/6
   899 | D:1      | Learned a level 3 spell: Ozocubu's Armour
  1617 | D:2      | Found a faded altar of an unknown god.
  2335 | D:2      | Identified the +7 dagger "Waiwoj" {spect, Int+7}
  2622 | D:3      | Noticed Sigmund
  2639 | D:3      | HP: 1/24 [Sigmund/magic dart (8)]
  2641 | D:3      | Killed Sigmund
  2642 | D:3      | Reached skill level 5 in Ice Magic
  2642 | D:3      | Reached XP level 4. HP: 2/30 MP: 1/9
  2642 | D:3      | Reached XP level 5. HP: 3/35 MP: 1/10
  2642 | D:3      | Reached XP level 6. HP: 3/41 MP: 1/11
  2820 | D:3      | Learned a level 4 spell: Summon Ice Beast
  2825 | D:3      | Learned a level 3 spell: Frozen Ramparts
  3206 | D:3      | Reached skill level 6 in Ice Magic
  3692 | D:3      | Identified a scroll of acquirement
  3692 | D:3      | Acquired an amulet of magic regeneration
  3925 | D:4      | Reached XP level 7. HP: 31/46 MP: 3/12
  4112 | D:4      | Reached skill level 1 in Short Blades
  4504 | D:4      | Found a staircase to the Ecumenical Temple.
  4560 | D:4      | Reached skill level 1 in Armour
  5063 | D:5      | Entered Level 5 of the Dungeon
  5379 | D:5      | Reached XP level 8. HP: 45/52 MP: 7/14
  5466 | D:5      | Reached skill level 7 in Ice Magic
  5938 | D:6      | Reached skill level 5 in Spellcasting
  6028 | D:6      | Upgraded the game from 0.30-a0-359-gd0147acb1a to
                  | 0.30-a0-364-gf6b3ef1049
  6117 | D:6      | Found Tin Zeoc's Antique Armour Emporium.
  6212 | D:6      | Found a runed translucent gate.
  6212 | D:6      | Found a runed translucent gate.
  6212 | D:6      | Found a runed translucent gate.
  6212 | D:6      | Noticed pokeman's ghost (novice DEHW)
  6986 | D:7      | Found a sand-covered staircase.
  6991 | Ossuary  | Entered an ossuary
  7056 | Ossuary  | Reached XP level 9. HP: 53/58 MP: 7/17
  7074 | Ossuary  | Reached skill level 1 in Summonings
  7102 | Ossuary  | Reached skill level 1 in Fighting
  7110 | Ossuary  | Reached skill level 8 in Ice Magic
  7148 | Ossuary  | Reached skill level 1 in Shields
  7606 | D:7      | Learned a level 1 spell: Sting
  7609 | D:7      | Learned a level 2 spell: Poisonous Vapours
  7614 | D:7      | Learned a level 4 spell: Olgreb's Toxic Radiance
  8083 | D:8      | Reached XP level 10. HP: 48/65 MP: 5/20
  8402 | D:8      | Reached skill level 9 in Ice Magic
  8542 | D:8      | Found a runed translucent door.
  8542 | D:8      | Noticed experimilk's ghost (novice DrCj)
  8625 | D:8      | Found Kiyjeull's General Store.
  8628 | D:8      | Bought a scroll of identify for 26 gold pieces
  8628 | D:8      | Bought a scroll of identify for 26 gold pieces
  8628 | D:8      | Bought a wand of iceblast (5) for 156 gold pieces
  8671 | D:8      | Reached skill level 5 in Stealth
  8672 | D:8      | Killed experimilk's ghost
  8687 | D:8      | Got the Reference Book on the Geologist
  8741 | D:8      | Learned a level 2 spell: Passwall
  8897 | D:9      | Noticed Joseph
  8910 | D:9      | Killed Joseph
  9348 | D:9      | Reached skill level 1 in Evocations
  9348 | D:9      | Noticed a two-headed ogre
  9362 | D:9      | Killed a two-headed ogre
  9363 | D:9      | Reached skill level 1 in Transmutations
  9363 | D:9      | Reached skill level 1 in Poison Magic
  9389 | D:9      | Learned a level 3 spell: Hailstorm
  9405 | D:9      | Reached skill level 10 in Ice Magic
  9413 | D:9      | Reached skill level 1 in Earth Magic
  9413 | D:9      | Reached XP level 11. HP: 52/72 MP: 4/23
  9829 | D:9      | Found a runed translucent door.
  9831 | D:9      | Found a basalt altar of Yredelemnul.
 10029 | D:9      | Slain by an unseen horror

Illustrated notes

Levels and vault maps discovered:
D:1:      dpeg_arrival_concentric_ovals, layout_basic
D:2:      layout_basic, hellmonk_ecumenical_altar_leap_of_faith,
          ebering_dispersal_statue_hall
D:3:      layout_basic, nrook_loot_triangle, serial_bayou_pond_d, uniq_sigmund
D:4:      layout_layer_cave, minmay_temple_entry_junction
D:5:      layout_rooms
D:6:      minmay_flawed_box, layout_loops_ring, ebering_ghost_rock_garden,
          serial_shops, kennysheep_little_box
D:7:      layout_basic, nicolae_ossuary_entry_plus
D:8:      layout_basic, hellmonk_ghost_big_iron, serial_shops,
          nicolae_shop_behind_doors
D:9:      minmay_chambers_of_sevens, layout_stronghold, dk_yredelemnul_ordeal,
          erik_lair_island, kennysheep_donut, uniq_joseph

Skill      XL: |  1  2  3  4  5  6  7  8  9 10 |
---------------+-------------------------------+-----
Spellcasting   | 3 4 5 6 8 |  8.9
Ice Magic      | 5 6 7 8 10 | 10.1
Short Blades   | 1 2 4 |  4.3
Stealth        | 3 4 5 |  5.1
Armour         | 1 2 |  2.2
Summonings     | 1 2 |  2.3
Fighting       | 1 |  1.7
Dodging        | 3 |  3.9
Shields        | 1 |  1.5
Evocations     | 1 |  1.8
Transmutations | 1 |  1.2
Poison Magic   | 1 |  1.1
Earth Magic    | 1 |  1.1
Air Magic      | |  0.1

Action                   |  1- 3 |  4- 6 |  7- 9 | 10-12 || total
-------------------------+-------+-------+-------+-------++-------
Melee: Short sword       |     8 |       |       |       ||     8
       Dagger            |     1 |    14 |   153 |    78 ||   246
       Punch             |       |       |     3 |     1 ||     4
 Cast: Freeze            |    54 |    10 |     4 |       ||    68
       Ozocubu's Armour  |    11 |     4 |    24 |    14 ||    53
       Summon Ice Beast  |       |     2 |    13 |     9 ||    24
       Frozen Ramparts   |       |     1 |    40 |    11 ||    52
       Poisonous Vapours |       |       |     1 |     3 ||     4
       Olgreb's Toxic Ra |       |       |     1 |       ||     1
       Passwall          |       |       |       |     9 ||     9
Evoke: Wand              |       |       |       |    10 ||    10
  Use: Scroll            |     6 |     5 |    12 |     2 ||    25
       Potion            |     1 |     2 |     3 |     5 ||    11
 Stab: Sleeping          |     3 |     2 |     5 |       ||    10
       Invisible         |       |     1 |       |       ||     1
       Distracted        |       |       |     2 |     1 ||     3
Armor: Robe              |    16 |     2 |    33 |    31 ||    82
       Leather armour    |       |       |     5 |       ||     5
Dodge: Dodged            |    30 |    10 |    67 |    44 ||   151
Block: Other             |       |     7 |    20 |    15 ||    42

Table legend: (Time is in decaauts)
 A = Elapsed time spent in this place.
 B = Non-inter-level travel time spent in this place.
 C = Inter-level travel time spent in this place.
 D = Time resting spent in this place.
 E = Time spent auto-exploring this place.
 F = Levels seen in this place.
 G = Mean time per level.
                   A        B        C        D        E       F      G
               +--------+--------+--------+--------+--------+-----+--------+
         Total |  10026 |  10026 |      0 |   2220 |      0 |  10 | 1002.6 |
       Dungeon |   9679 |   9679 |      0 |   2220 |      0 |   9 | 1075.4 |
       Ossuary |    346 |    346 |      0 |      0 |      0 |   1 |  346.0 |
               +--------+--------+--------+--------+--------+-----+--------+

Top non-repeatable levels by time:
     D:4: 1325 daAuts
     D:3: 1270 daAuts
     D:1: 1257 daAuts
     D:2: 1205 daAuts
     D:6: 1127 daAuts
     D:9: 1119 daAuts
     D:8: 1003 daAuts
     D:5: 727 daAuts
     D:7: 641 daAuts
 Ossuary: 346 daAuts
